 Dungeon Crawl Stone Soup version 0.31.0-4-g52a2dc7128 (webtiles) character file.

Game seed: 6497530631849562338

2935 shadowrider38 the Cleaver (level 9, -6/81 HPs)
             Began as a Minotaur Fighter on Jan 22, 2024.
             Constricted to death by a juvenile weirdfire beast (8 damage)
             ... on level 7 of the Dungeon.
             The game lasted 00:03:17 (5453 turns).

shadowrider38 the Cleaver (Minotaur Fighter)        Turns: 5453, Time: 00:03:18

Health: -6/81      AC: 13    Str: 24    XL:     9   Next: 51%
Magic:  8/8        EV:  5    Int:  5    God:
Gold:   100        SH:  5    Dex: 11    Spells: 8/8 levels left

rFire   + . .        a - +6 broad axe (freeze)
rCold   . . .        c - +0 buckler
rNeg    . . .        p - +0 chain mail
rPois   +            (helmet restricted)
rElec   .            b - +0 cloak
rCorr   .            i - +0 pair of gloves
SInv    .            (no boots)
Will    .....        (no amulet) Stlth
                     f - ring of protection from fire
HPRegen 0.33/turn    o - ring of poison resistance
MPRegen 0.11/turn

%: no passive effects
@: about to teleport, constricted
A: horns 2, retaliatory headbutt
a: no special abilities


You were on level 7 of the Dungeon.
You visited 2 branches of the dungeon, and saw 8 of its levels.

You collected 275 gold pieces.
You spent 175 gold pieces at shops.

Inventory:

Hand Weapons
 a - a +6 broad axe of freezing (weapon)
Missiles
 t - 5 boomerangs (quivered)
Armour
 b - a +0 cloak (worn)
 c - a +0 buckler (worn)
 i - a +0 pair of gloves (worn)
 p - a +0 chain mail (worn)
 s - an orb of light
 x - an orb of mayhem
Jewellery
 f - a ring of protection from fire (left hand)
 o - a ring of poison resistance (right hand)
Wands
 r - a wand of mindburst (13)
Scrolls
 e - a scroll of immolation {unknown}
 j - 5 scrolls of identify {unknown}
 l - a scroll of noise {unknown}
 m - a scroll of enchant armour {unknown}
 w - 2 scrolls of blinking {unknown}
 y - a scroll of revelation {unknown}
 z - a scroll of fear {unknown}
 T - a scroll of teleportation
Potions
 d - a potion of might
 h - a potion of enlightenment {unknown}
 k - a potion of ambrosia {unknown}
 n - 2 potions of haste {unknown}
 q - a potion of attraction {unknown}
 u - 2 potions of heal wounds {unknown}
 v - a potion of degeneration {unknown}
 A - a potion of cancellation {unknown}
 Q - 2 potions of curing


   Skills:
 + Level 8.0 Fighting
 * Level 10.3 Axes
 + Level 8.0 Armour
 + Level 8.0 Shields


You had 8 spell levels left.
You didn't know any spells.
Your spell library contained the following spells:

 Spells                   Type           Power      Damage    Failure   Level
 Sting                    Conj/Alch      0%         1d3       96%         1
 Summon Small Mammal      Summ           0%         N/A       96%         1
 Mercury Vapours          Alch/Air       0%         N/A       99%         2
 Call Canine Familiar     Summ           0%         N/A       100%        3
 Dazzling Flash           Conj/Hex       0%         N/A       100%        3
 Mephitic Cloud           Conj/Alch/Air  0%         N/A       100%        3
 Olgreb's Toxic Radiance  Alch           0%         N/A       100%        4
 Summon Blazeheart Golem  Fire/Summ      0%         N/A       100%        4
 Curse of Agony           Necr           0%         N/A       100%        5
 Silence                  Hex/Air        0%         N/A       100%        5


Dungeon Overview and Level Annotations

Branches:
Dungeon (7/15) Zot: 26542  Temple (1/1) D:6 Zot: 5998

Altars:
Ashenzari
Cheibriados
Dithmenos
Elyvilon
Fedhas
Gozag
Hepliaklqana
Kikubaaqudgha
Nemelex Xobeh
Okawaru
Qazlal
Sif Muna
Trog
Vehumet
Wu Jian
Xom
Yredelemnul
Zin
The Shining One

Shops:
D:3 ((:=[   D:4 *

Annotations:
D:3 2 runed translucent doors, Jase's ghost, amateur HOMo


Innate Abilities, Weirdness & Mutations

You have a pair of horns on your head.
You reflexively headbutt those who attack you in melee.


Message History

The larval oxfire beast hits you but does no damage.
The larval oxfire beast tramples you but does no damage.
The juvenile weirdfire beast hits you but does no damage.
The juvenile weirdfire beast constricts you!
A larval fireweird beast comes into view.
The water moccasin moves out of view.
There are monsters nearby!
You slice the juvenile weirdfire beast!!
You freeze the juvenile weirdfire beast.
The juvenile weirdfire beast is severely wounded.
You slash the gnoll! You freeze the gnoll.
You kill the gnoll!
You slash the larval oxfire beast! You freeze the larval oxfire beast.
You hear an angry hiss.
The larval oxfire beast hits you.
The larval oxfire beast barely misses you.
The gnoll sergeant hits you from afar with a +0 trident!
The juvenile weirdfire beast hits you but does no damage.
The juvenile weirdfire beast constricts you.
* * * LOW HITPOINT WARNING * * *
You are too injured to fight recklessly!
Unknown command.
Okay, then.
Press: ? - help, v - describe, . - travel
Here: a juvenile weirdfire beast (severely wounded, constricting you)
The floor.
Unknown command.
Okay, then.
Okay, then.
You feel better.
The larval oxfire beast hits you but does no damage.
The larval oxfire beast barely misses you.
The gnoll sergeant hits you but does no damage.
The juvenile weirdfire beast hits you.
* * * LOW HITPOINT WARNING * * *
The juvenile weirdfire beast constricts you.
* * * LOW HITPOINT WARNING * * *
As you read the scroll labelled UDWACW INNO, it crumbles to dust.
You feel strangely unstable.
It was a scroll of teleportation.
T - a scroll of teleportation The larval oxfire beast breathes flames at you.
The blast of flame hits you. You resist.
* * * LOW HITPOINT WARNING * * *
The gnoll sergeant hits you from afar with a +0 trident.
* * * LOW HITPOINT WARNING * * *
The juvenile weirdfire beast breathes flames at you.
The blast of flame hits you. You resist.
* * * LOW HITPOINT WARNING * * *
The juvenile weirdfire beast constricts you!
You die...

+#.............##....##########..
...)...........##....### ..
...####................########..
...# ..............#........ .###
..# #####.....#........
.######......##.###....#........
.........##.....#.##...#........
..<.....###......†..............
.......###.....)@#...###........
######## #..#.g.HH#.## #........
#..gg...#..# #........
....g#......# ######...
.......S.#..# ... [.H..}......#
.. ...........## .#.....#..#


You could see 3 mutant beasts, a water moccasin, a gnoll sergeant and 3 gnolls.

Vanquished Creatures
  Jeremiah (D:6)
  Eustachio (D:4)
  2 water moccasins
  Duvessa (D:4)
  2 sky beasts
  2 ice beasts
  3 ogres
  A centaur (D:7)
  A phantom (D:5)
  2 bullfrogs
  3 scorpions
  Dowan (D:4)
  4 killer bees (D:7)
  2 mutant beasts (D:7)
  A bombardier beetle (D:7)
  10 hounds
  An orc priest (D:4)
  A jelly (D:6)
  2 iguanas
  A sleepcap (D:6)
  4 orc wizards
  A mummy (D:5)
  5 adders
  16 gnolls
  A shadow imp (D:5)
  A white imp (D:5)
  2 dart slugs
  3 ribbon worms
  3 orcs
  7 ball pythons
  7 endoplasms
  4 giant cockroaches
  9 goblins
  4 hobgoblins (D:1)
  5 kobolds
  A quokka (D:4)
  3 bats
  A frilled lizard (D:1)
  4 hobgoblin zombies (D:5)
  9 rats
132 creatures vanquished.

Notes
Turn   | Place    | Note
-------+----------+-------------------------------------------
     0 | D:1      | shadowrider38 the Minotaur Fighter began the quest for the
                  | Orb.
     0 | D:1      | Reached XP level 1. HP: 19/19 MP: 0/0
   345 | D:1      | Reached XP level 2. HP: 25/27 MP: 1/1
   377 | D:1      | Reached skill level 3 in Axes
   423 | D:1      | Found a faded altar of an unknown god.
  1116 | D:2      | Reached XP level 3. HP: 33/33 MP: 2/2
  1477 | D:2      | Reached XP level 4. HP: 38/40 MP: 3/3
  1490 | D:2      | Reached skill level 4 in Axes
  1580 | D:3      | Found Toaher's Antique Weapon Emporium.
  1651 | D:3      | Found Tigh's Armour Shoppe.
  1771 | D:3      | Found a runed translucent door.
  1845 | D:3      | Found Xofike's Jewellery Shoppe.
  1949 | D:3      | Found Qofecaept's Antique Weapon Emporium.
  2087 | D:3      | Noticed a bullfrog
  2088 | D:3      | Noticed Jase's ghost (amateur HOMo)
  2132 | D:3      | Found Qismur's Book Shoppe.
  2171 | D:3      | Reached XP level 5. HP: 47/47 MP: 4/4
  2226 | D:3      | Found a runed translucent door.
  2460 | D:4      | Reached skill level 5 in Axes
  2460 | D:4      | Reached XP level 6. HP: 17/55 MP: 5/5
  2725 | D:4      | Noticed Eustachio
  2761 | D:4      | Killed Eustachio
  2796 | D:4      | Noticed Duvessa
  2797 | D:4      | Noticed Dowan
  2802 | D:4      | Killed Duvessa
  2815 | D:4      | Killed Dowan
  2816 | D:4      | Reached skill level 6 in Axes
  2816 | D:4      | Reached XP level 7. HP: 57/61 MP: 6/6
  2966 | D:4      | Found Ipse Zuh's Overcharged Wands.
  3237 | D:5      | Entered Level 5 of the Dungeon
  3461 | D:5      | Reached skill level 7 in Axes
  3525 | D:5      | Reached XP level 8. HP: 44/70 MP: 7/7
  3735 | D:5      | Reached skill level 8 in Axes
  3882 | D:5      | Found a broken altar of Ashenzari.
  3882 | D:5      | Found a shimmering blue altar of Sif Muna.
  4375 | D:6      | Found an iron altar of Okawaru.
  4483 | D:6      | Found a staircase to the Ecumenical Temple.
  4548 | D:6      | Noticed Jeremiah
  4572 | D:6      | Killed Jeremiah
  4573 | D:6      | Reached skill level 9 in Axes
  4606 | Temple   | Entered the Ecumenical Temple
  4664 | D:6      | Reached XP level 9. HP: 79/79 MP: 8/8
  5072 | D:3      | Bought a runed broad axe for 175 gold pieces
  5323 | D:7      | Reached skill level 10 in Axes
  5444 | D:7      | Noticed a juvenile weirdfire beast
  5453 | D:7      | HP: 2/81 [juvenile weirdfire beast/blast of flame (6)]
  5453 | D:7      | Constricted to death by a juvenile weirdfire beast

Illustrated notes

Levels and vault maps discovered:
D:1:      dpeg_arrival_renting, layout_basic, chequers_ecumenical_altar_lobes,
          st_stairs_1
D:2:      layout_loops_ring, serial_rivers, chequers_serial_rivers_room_b,
          chequers_serial_rivers_micro_c, chequers_serial_rivers_large_b,
          chequers_serial_rivers_room_b, nicolae_grassy_gnolls
D:3:      layout_loops_ring, ebering_ghost_sewer_f, serial_shops,
          nicolae_shop_stone, nicolae_shop_rolling_square,
          nicolae_shop_tiny_real_fake_doors, nicolae_shop_back_alley_shop, shop,
          guppyfry_early_lair_pool
D:4:      layout_cave_pools, nicolae_shop_overcharged_wands, uniq_eustachio,
          uniq_duvessa
D:5:      layout_rooms, amethyst_overflow_temple_binary, minmay_misc_feat_roman,
          ebering_dispersal_statue_hall, minmay_mini_ossuary
D:6:      layout_rooms, mainiacjoe_overflow_24_doors, minmay_temple_entry_hall,
          kennysheep_generic_room_6, uniq_jeremiah
D:7:      layout_basic, mainiacjoe_overflow_swirl, nicolae_beast_mode
Temple:   regret_index_temple_sphere_string

Skill      XL: |  1  2  3  4  5  6  7  8  9 |
---------------+----------------------------+-----
Axes           | 3 4 5 6 7 9 10 | 10.3
Armour         | 4 5 6 7 8 |  8.0
Fighting       | 4 5 6 7 8 |  8.0
Shields        | 4 5 6 7 8 |  8.0

Action                     |  1- 3 |  4- 6 |  7- 9 || total
---------------------------+-------+-------+-------++-------
  Melee: War axe           |    71 |    92 |   135 ||   298
         Headbutt          |     9 |    12 |    24 ||    45
         Broad axe         |       |       |    31 ||    31
    Use: Potion            |       |     2 |     1 ||     3
         Scroll            |       |       |     1 ||     1
 Armour: Scale mail        |    13 |       |       ||    13
         Chain mail        |    31 |    70 |   159 ||   260
  Dodge: Dodged            |    30 |    48 |    77 ||   155
  Block: Buckler           |    16 |    28 |    60 ||   104
